 Dungeon Crawl Stone Soup version 0.26-a0-720-g2a1d101370 (webtiles) character file.

Game seed: 2163349094835225919

396154 Ijustatesigmund the Hill Orc Aeon (level 23, -6/213 HPs)
             Began as a Hill Orc Fighter on Oct 30, 2020.
             Was the Champion of Cheibriados.
             Killed from afar by an ancient lich (17 damage)
             ... with a bolt of acid
             ... while petrified by an ancient lich
             ... on level 4 of the Depths on Nov 3, 2020.
             The game lasted 02:14:32 (53248 turns).

Ijustatesigmund the Hill Orc Aeon (HOFi)           Turns: 53248, Time: 02:14:32

Health: -6/213     AC: 37    Str: 37    XL:     23   Next: 20%
Magic:  37/37      EV:  2    Int: 34    God:    Cheibriados [******]
Gold:   808        SH:  0    Dex: 30    Spells: 18/22 levels left

rFire    + . .     SeeInvis +   a - +8 broad axe (vamp)
rCold    . . .     Faith    .   c - +1 kite shield
rNeg     + + +     Spirit   .   b - +7 chain mail "Dangochyg" {Int+3}
rPois    ∞         Reflect  +   w - +1 hat of Theory {rF+}
rElec    .         Harm     .   L - +2 cloak
rCorr    .         Rampage  .   (no gloves)
MR       +....     Clarity  +   k - +2 pair of boots
Stlth    ..........             S - amulet of reflection
HPRegen  0.45/turn              e - ring of Robustness {AC+8}
MPRegen  0.25/turn              A - ring of Giafroh {+Blink Int+6 SInv}

@: petrified, lightly drained, very slow
A: hooves 1, clarity
}: 2/15 runes: barnacled, gossamer
a: Bend Time, Temporal Distortion, Slouch, Step From Time, Renounce Religion,
Evoke Blink


You were on level 4 of the Depths.
You worshipped Cheibriados.
Cheibriados was exalted by your worship.
You visited 9 branches of the dungeon, and saw 42 of its levels.
You visited the Abyss 4 times.
You visited 1 bazaar.
You also visited: Gauntlet.

You collected 4886 gold pieces.
You spent 4078 gold pieces at shops.

Inventory:

Hand Weapons
 a - a +8 vampiric broad axe (weapon)
 P - the +7 flail "Zerimn" {drain, MP+9}
   (You found it on level 4 of the Vaults)

   A truly terrible weapon, it drains the life of those it strikes.
   It affects your magic capacity (+9).
Missiles
 g - 8 curare-tipped darts (quivered)
 M - 50 silver javelins
Armour
 b - the +7 chain mail "Dangochyg" (worn) {Int+3}
   (You bought it in a shop on level 4 of the Vaults)

   It affects your intelligence (+3).
 c - a +1 kite shield (worn)
 k - a +2 pair of boots (worn)
 w - the +1 hat of Theory (worn) {rF+}
   (You bought it in a shop on level 1 of the Vaults)

   It protects you from fire.
 L - a +2 cloak (worn)
 N - a +2 hat of intelligence
 Z - the +6 scale mail of Hangman {+Fly rC- Str+7 Int+3}
   (You found it on level 2 of the Spider Nest)

   It affects your strength (+7).
   It affects your intelligence (+3).
   It makes you vulnerable to cold.
   It lets you fly.
Jewellery
 e - the ring of Robustness (left hand) {AC+8}
   (You bought it in a shop on level 3 of the Shoals)

   [ring of protection]

   It affects your AC (+8).
 o - an uncursed ring of wizardry
 q - the amulet "Beur" {*Contam +Inv rPois Regen+ Int+4}
   (You bought it in a shop in a bazaar)

   [amulet of regeneration]

   It affects your intelligence (+4).
   It protects you from poison.
   It lets you turn invisible.
   It causes magical contamination when unequipped.
   It increases your rate of regeneration.
 x - an uncursed ring of poison resistance
 A - the ring of Giafroh (right hand) {+Blink Int+6 SInv}
   (You bought it in a shop on level 2 of the Orcish Mines)

   [ring of intelligence]

   It affects your intelligence (+6).
   It lets you see invisible.
   It lets you blink.
 S - an amulet of reflection (around neck)
 V - an uncursed ring of resist corrosion
 X - an uncursed ring of protection from cold
Wands
 d - a wand of digging (3)
 s - a wand of flame (34)
 v - a wand of disintegration (54)
 y - a wand of acid (41)
 E - a wand of paralysis (32)
 F - a wand of iceblast (60)
 G - a wand of polymorph (36)
 J - a wand of enslavement (25)
Scrolls
 h - 8 scrolls of identify
 i - 12 scrolls of teleportation
 l - 23 scrolls of remove curse
 m - 5 scrolls of immolation
 r - 7 scrolls of fog
 z - 3 scrolls of blinking
 B - a scroll of summoning
 K - a scroll of amnesia
 R - 7 scrolls of magic mapping
 U - 2 scrolls of silence
 Y - 3 scrolls of fear
Potions
 f - 8 potions of curing
 j - a potion of mutation
 n - 3 potions of brilliance
 p - 3 potions of invisibility
 t - 9 potions of stabbing
 D - 5 potions of resistance
 H - 7 potions of flight
 I - 4 potions of lignification
 O - 3 potions of magic
 Q - 11 potions of ambrosia
 T - 5 potions of might
 W - 5 potions of cancellation
Miscellaneous
 C - a condenser vane (2/2)


   Skills:
 + Level 19.1(18.7) Fighting
 - Level 18.1(17.7) Axes
 - Level 16.2(15.8) Armour
 - Level 12.0(11.7) Dodging
 - Level 14.2(13.8) Shields
 - Level 8.8(8.5) Conjurations
 - Level 10.0(9.6) Fire Magic
 + Level 21.9(21.5) Invocations
 - Level 13.1(12.8) Evocations


You had 18 spell levels left.
You knew the following spells:

 Your Spells              Type           Power        Failure   Level
a - Foxfire               Conj/Fire      ####         1%          1
b - Conjure Flame         Conj/Fire      ######..     1%          3

Your spell library contained the following spells:

 Spells                   Type           Power        Failure   Level
 Magic Dart               Conj           ####         1%          1
 Searing Ray              Conj           ######       1%          2
 Sticky Flame             Conj/Fire      ######..     5%          4
 Inner Flame              Hex/Fire       ####....     9%          3
 Dazzling Flash           Conj/Hex       ####..       12%         3
 Stone Arrow              Conj/Erth      ####..       12%         3
 Fireball                 Conj/Fire      ######....   14%         5
 Ignite Poison            Fire/Tmut/Pois ###.....     19%         3
 Mephitic Cloud           Conj/Pois/Air  ###.....     21%         3
 Beastly Appendage        Tmut           #.....       22%         1
 Corona                   Hex            #......      22%         1
 Freeze                   Ice            #...         22%         1
 Sting                    Tmut/Pois      #...         22%         1
 Summon Small Mammal      Summ           #...         22%         1
 Blink                    Tloc           N/A          32%         2
 Call Imp                 Summ           #.......     32%         2
 Ensorcelled Hibernation  Hex/Ice        #.....       32%         2
 Poisonous Vapours        Pois/Air       #.....       32%         2
 Slow                     Hex            #.......     32%         2
 Sublimation of Blood     Necr           #.........   32%         2
 Wereblood                Tmut           #.......     32%         2
 Fulminant Prism          Conj/Hex       ####......   36%         4
 Hailstorm                Conj/Ice       ####....     36%         4
 Iskenderun's Mystic Bla  Conj/Tloc      ####....     36%         4
 Bolt of Magma            Conj/Fire/Erth #####.....   45%         5
 Call Canine Familiar     Summ           #.......     54%         3
 Confusing Touch          Hex            #.......     54%         3
 Frozen Ramparts          Ice            #.....       54%         3
 Gell's Gravitas          Tloc           #.........   54%         3
 Lesser Beckoning         Tloc           #.........   54%         3
 Ozocubu's Armour         Ice            #.......     54%         3
 Portal Projectile        Hex/Tloc       #.....       54%         3
 Spider Form              Tmut/Pois      #.........   54%         3
 Summon Guardian Golem    Hex/Summ       #.......     54%         3
 Teleport Other           Tloc           #.......     54%         3
 Tukima's Dance           Hex            #.......     54%         3
 Irradiate                Conj/Tmut      ####......   71%         5
 Cause Fear               Hex            #.........   91%         4
 Ice Form                 Ice/Tmut       #.......     91%         4
 Leda's Liquefaction      Hex/Erth       #.........   91%         4
 Passage of Golubria      Tloc           N/A          91%         4
 Petrify                  Tmut/Erth      #.......     91%         4
 Summon Ice Beast         Ice/Summ       #.......     91%         4
 Summon Lightning Spire   Summ/Air       #.......     91%         4
 Alistair's Intoxication  Tmut/Pois      #........    99%         5
 Blade Hands              Tmut           #.........   99%         5
 Metabolic Englaciation   Hex/Ice        #.........   99%         5
 Silence                  Hex/Air        #.........   99%         5
 Yara's Violent Unravell  Hex/Tmut       #.........   99%         5
 Conjure Ball Lightning   Conj/Air       ####......   99%         6
 Iron Shot                Conj/Erth      ####......   99%         6
 Dispersal                Tloc           #.........   100%        6
 Eringya's Noxious Bog    Tmut/Pois      #.........   100%        6
 Freezing Cloud           Conj/Ice/Air   ###.......   100%        6
 Hydra Form               Tmut           #.........   100%        6
 Statue Form              Tmut/Erth      #........    100%        6
 Spellforged Servitor     Conj/Summ      ####......   100%        7
 Disjunction              Tloc           #.........   100%        8
 Shatter                  Erth           #.........   100%        9
 Tornado                  Air            #.........   100%        9


Dungeon Overview and Level Annotations

Branches:
Dungeon (15/15)            Temple (1/1) D:5            Lair (6/6) D:8
 Shoals (4/4) Lair:3       Spider (4/4) Lair:3        Slime (0/5) Lair:6
    Orc (2/2) D:11            Elf (2/3) Orc:2        Vaults (4/5) D:14
  Crypt (0/3) Vaults:3     Depths (4/5) D:15        Gauntlet (visited)

Altars:
Ashenzari
Cheibriados
Elyvilon
Fedhas
Gozag
Hepliaklqana
Kikubaaqudgha
Makhleb
Nemelex Xobeh
Okawaru
Qazlal
Ru
Sif Muna
Trog
Uskayaw
Vehumet
Wu Jian
Xom
Yredelemnul
Zin
The Shining One
Beogh

Shops:
D:12 =*   D:13 (   Orc:2 *[=(   Elf:1 :   Shoals:3 ::=*   Shoals:4 **
Vaults:1 [   Vaults:4 [   Depths:4 [

Portals:
Hell: Depths:1 Depths:2 Depths:3 Depths:4
Abyss: Depths:4
Pandemonium: Depths:2 Depths:3
Ziggurat: Depths:4
Trove: D:11 (give horn of Geryon)

Annotations:
D:10 2 transporters, Lefewop's ghost, novice DrWz
Spider:2 2 transporters, gouglew's ghost, adept KoBe
Depths:4 Boris


Innate Abilities, Weirdness & Mutations

You have large cloven feet.
You possess an exceptional clarity of mind.


Message History

You slice the ancient lich!!
The ancient lich is almost destroyed.
The ancient lich touches you! x2; Your limbs are stiffening.
You hit the ancient lich but do no damage.
The ancient lich is almost destroyed.
The ancient lich gestures at you while chanting.
The crystal spear hits you!!!
* * * LOW HITPOINT WARNING * * *
The ancient lich touches you but does no damage.
You have turned to stone.
The ancient lich touches you.
* * * LOW HITPOINT WARNING * * *
The ancient lich touches you but does no damage. x2
The ancient lich touches you.
The ancient lich gestures at you while chanting. x2
The crystal spear hits you!!!!
* * * LOW HITPOINT WARNING * * *
The ancient lich casts a spell at you. The bolt of acid hits you!!
You die...

...## ...##....##....##.....#
..## .e###...###.....##....#
.## .##.#...#.##.....##...#
.## ##..#...#..##..[.##...#
..## ##...#...#...##[[##....#
...####....#...#....####.....#
....##.....#...#....)##....#.#
#....).....##.##.)........##.#
##.).).(.((##'##@L.......###.#
##.()..................## #.#
############.#############.#
#............)..####
###############..... ###.##
#.# #.# #.##


You could see an ancient lich (fast).

Vanquished Creatures
  Mennas (Depths:3)
  Saint Roka (Vaults:3)
  2 caustic shrikes
  Bai Suzhen (Depths:2)
  2 bone dragons (Abyss:2)
  the Enchantress (Depths:2)
  Jorgrun (Spider:3)
  A tentacled monstrosity (Abyss:2)
  A quicksilver dragon (Depths:3)
  6 sphinxes
  3 tengu reavers
  Gastronok (D:10)
  3 tentacled starspawn (Abyss:2)
  Kirke (Lair:6)
  Donald (Spider:3)
  5 fire giants
  The ghost of Lofupn the Imperceptible, an adept SpEn of Wu Jian (Vaults:4)
  6 frost giants
  2 deep elf sorcerers
  Ilsuiw (Shoals:4)
  5 ghost moths
  An iron dragon (Depths:3)
  8 vault wardens
  Louise (D:14)
  2 orc warlords
  A ghoul (Vaults:3)
  3 emperor scorpions
  3 spriggan defenders (Depths:2)
  8 ironheart preservers
  6 very ugly things
  An entropy weaver (Spider:4)
  15 stone giants
  3 vampire knights
  Azrael (Spider:3)
  A minotaur (Gauntlet)
  10 ettins
  3 spark wasps
  12 merfolk impalers
  8 fire dragons
  4 merfolk javelineers
  Harold (D:10)
  13 yaktaur captains
  A rakshasa (Vaults:1)
  6 great orbs of eyes
  5 hydras
  2 spriggan air magi
  9 vault guards
  Erolcha (D:13)
  3 boulder beetles
  7 merfolk avatars
  3 ice dragons
  A shambling mangrove (Depths:2)
  3 alligator snapping turtles
  An alligator (shapeshifter) (Depths:1)
  2 death knights
  A satyr (shapeshifter) (Vaults:4)
  8 centaur warriors
  12 ogre magi
  A catoblepas (Lair:5)
  39 two-headed ogres
  4 merfolk aquamancers (Shoals:4)
  3 satyrs
  3 orc high priests (Orc:2)
  2 dancing weapons
  22 death yaks
  7 thrashing horrors
  A tengu warrior (Depths:2)
  3 deep troll shamans
  A vampire mage (Vaults:3)
  6 deep troll earth magi
  2 spriggan berserkers (Depths:2)
  A deep elf knight (Depths:2)
  3 wretched stars (Abyss:2)
  2 sixfirhies
  A shadow wraith (Vaults:3)
  6 flayed ghosts
  5 glowing orange brains
  7 unseen horrors
  8 sea snakes
  3 deep elf archers (Depths:2)
  17 deep trolls
  A phantasmal warrior (Vaults:4)
  9 wizards
  A lindwurm (shapeshifter) (D:12)
  18 harpies
  10 ironbrand convokers
  4 necromancers
  10 orc knights
  A lindwurm (Lair:6)
  11 fauns
  A harpy (shapeshifter) (D:14)
  12 deep elf magi
  14 orb spiders
  A wolf spider (shapeshifter) (D:15)
  8 orc sorcerers
  36 ugly things
  25 wolf spiders
  A cyclops (shapeshifter) (Vaults:2)
  22 manticores
  4 cyclopes
  A worldbinder (Abyss:2)
  4 human zombies
  A salamander (D:15)
  3 moths of wrath
  10 elephants (Lair:2)
  Joseph (Lair:1)
  A centaur zombie (D:11)
  A black mamba (shapeshifter) (Depths:3)
  3 water nymphs
  7 merfolk sirens
  A guardian serpent (shapeshifter) (D:14)
  5 black mambas
  3 apocalypse crabs (Abyss:2)
  6 vault sentinels
  9 cane toads
  3 smoke demons (Abyss:2)
  2 molten gargoyles (Lair:6)
  4 torpor snails (Lair:3)
  3 gargoyles
  2 kobold demonologists
  A rime drake (Lair:3)
  67 yaktaurs
  A tengu conjurer (Depths:2)
  An entropy weaver simulacrum (Vaults:1)
  4 freezing wraiths
  12 komodo dragons
  An ancient zyme (Abyss:2)
  13 demonic crawlers
  A jumping spider (shapeshifter) (Depths:2)
  A human skeleton (Vaults:4)
  36 merfolk
  3 meliai (D:15)
  A wind drake (shapeshifter) (Depths:1)
  A tengu simulacrum (Vaults:2)
  10 hornets
  3 polar bears
  12 trolls
  26 jumping spiders
  5 wind drakes
  3 raiju (Abyss:2)
  49 slime creatures
  12 blink frogs
  An ettin zombie (Vaults:2)
  7 dream sheep
  8 snapping turtles
  52 redbacks
  27 tarantellas
  8 wraiths
  3 vampires
  A tarantella (shapeshifter) (Vaults:3)
  4 wyverns
  12 small abominations
  11 water elementals
  Eustachio (D:4)
  4 shadows
  6 fire elementals (Spider:3)
  5 basilisks
  A fire bat (D:5)
  47 yaks
  2 hogs (Lair:6)
  2 steam dragons (Lair:6)
  4 vampire mosquitoes (D:12)
  2 chaos spawn (Abyss:2)
  5 wargs
  4 large abominations (Abyss:2)
  2 soldier ants (D:12)
  A swamp worm (shapeshifter) (Depths:3)
  5 acid dragons
  12 water moccasins
  7 hell hounds
  An ice beast (D:10)
  An eye of draining (D:14)
  An eye of draining (shapeshifter) (Vaults:4)
  38 orc warriors
  A black bear (shapeshifter) (Depths:1)
  A hornet zombie (D:8)
  4 sky beasts
  4 phantoms
  4 necrophages
  An ogre (shapeshifter) (Vaults:4)
  27 ogres
  A wolf (Lair:3)
  3 boggarts (Vaults:1)
  8 centaurs
  A big kobold (shapeshifter) (Depths:2)
  13 bullfrogs
  Blork the orc (D:6)
  A deep troll simulacrum (Vaults:2)
  An ogre simulacrum (Vaults:1)
  An earth elemental (Elf:1)
  A wyvern skeleton (D:13)
  7 scorpions
  A human simulacrum (Vaults:2)
  12 killer bees
  15 wights
  A howler monkey (D:12)
  5 lava snakes (Lair:6)
  A bullfrog zombie (D:12)
  17 starcursed masses (Abyss:2)
  4 hounds
  2 jellies
  A quasit (D:10)
  34 orc priests
  2 bullfrog skeletons
  5 centaur skeletons
  2 iron imps (Abyss:2)
  38 orc wizards
  Jessica (D:3)
  2 iguanas
  14 worker ants
  A hound skeleton (D:5)
  A mummy (D:7)
  4 howler monkey zombies
  A worker ant zombie (D:5)
  4 gnolls (D:9)
  14 adders
  4 shadow imps
  9 white imps
  2 ufetubi
  3 oozes
  4 worms
  A dart slug (D:1)
  5 leopard geckos
  112 orcs
  4 giant cockroaches
  7 hobgoblins
  8 jackals
  9 kobolds
  6 quokkas
  2 ball pythons
  6 bats
  9 frilled lizards
  6 goblins
  A jackal skeleton (D:4)
  A leopard gecko zombie (D:5)
  10 rats
  3 starspawn tentacles (Abyss:2)
1644 creatures vanquished.

Vanquished Creatures (collateral kills)
  A wolf spider (Spider:4)
  A jumping spider (Spider:4)
2 creatures vanquished.

Vanquished Creatures (others)
  A wolf spider (Spider:3)
  A wizard (D:5)
  A manticore (Shoals:4)
  2 yaktaurs
  3 jumping spiders
  4 humans (Lair:6)
  A golden eye (shapeshifter) (Vaults:2)
  A warg (Vaults:2)
  4 demonic plants (Gauntlet)
  43 fungi
  165 plants
  3 starspawn tentacles (Abyss:2)
  2 withered plants (D:7)
231 creatures vanquished.

Grand Total: 1877 creatures vanquished

Notes
Turn   | Place    | Note
-------+----------+-------------------------------------------
     0 | D:1      | Ijustatesigmund the Hill Orc Fighter began the quest for
                  | the Orb.
     0 | D:1      | Reached XP level 1. HP: 19/19 MP: 1/1
   246 | D:1      | Reached XP level 2. HP: 26/26 MP: 2/2
   834 | D:1      | Reached XP level 3. HP: 31/31 MP: 3/3
  1232 | D:2      | Reached skill level 5 in Axes
  1680 | D:2      | Reached XP level 4. HP: 39/39 MP: 4/4
  1880 | D:2      | Found a glowing golden altar of the Shining One.
  2281 | D:3      | Found a basalt altar of Yredelemnul.
  2318 | D:3      | Reached XP level 5. HP: 36/45 MP: 5/5
  2531 | D:3      | Reached XP level 6. HP: 24/53 MP: 6/6
  2832 | D:3      | Reached skill level 5 in Fighting
  2965 | D:3      | Noticed Jessica
  2970 | D:3      | Killed Jessica
  3344 | D:4      | Noticed Eustachio
  3368 | D:4      | Killed Eustachio
  3368 | D:4      | Reached XP level 7. HP: 59/62 MP: 7/7
  3423 | D:4      | Found a bloodstained altar of Trog.
  3456 | D:4      | Found a shimmering blue altar of Sif Muna.
  3950 | D:4      | Found a stormy altar of Qazlal.
  4301 | D:5      | Entered Level 5 of the Dungeon
  4405 | D:5      | Found a transporter.
  4699 | D:5      | Reached XP level 8. HP: 58/73 MP: 8/8
  4778 | D:5      | Found a bloodstained altar of Trog.
  4789 | D:5      | Noticed a wizard
  4791 | D:5      | Killed a wizard
  4826 | D:5      | Found a transporter.
  4940 | D:5      | Learned a level 1 spell: Foxfire
  5108 | D:5      | Found a staircase to the Ecumenical Temple.
  5291 | D:6      | Reached skill level 1 in Fire Magic
  5293 | D:6      | Reached skill level 10 in Axes
  5307 | D:6      | Noticed Blork the orc
  5832 | D:6      | Killed Blork the orc
  6430 | D:7      | Reached XP level 9. HP: 82/82 MP: 9/9
  7045 | D:8      | Reached skill level 5 in Fire Magic
  7243 | D:8      | Found a staircase to the Lair.
  7848 | D:9      | Reached skill level 1 in Dodging
  7984 | D:9      | Reached skill level 1 in Conjurations
  8033 | D:9      | Reached XP level 10. HP: 54/92 MP: 0/10
  8034 | D:9      | Reached skill level 5 in Armour
  8034 | D:9      | Reached skill level 5 in Shields
  8415 | D:9      | Found a glowing golden altar of the Shining One.
  8466 | D:9      | Found a glowing silver altar of Zin.
  8583 | D:10     | Entered Level 10 of the Dungeon
  8643 | D:10     | Found a transporter.
  8644 | D:10     | Found a transporter.
  8703 | D:10     | Noticed Lefewop's ghost (novice DrWz)
  8769 | D:10     | Killed an unseen horror
  9032 | D:10     | Noticed a two-headed ogre
  9039 | D:10     | Killed a two-headed ogre
  9076 | D:10     | Noticed Harold
  9093 | D:10     | Killed Harold
  9093 | D:10     | Reached XP level 11. HP: 99/99 MP: 11/11
  9257 | Temple   | Entered the Ecumenical Temple
  9374 | Temple   | Became a worshipper of Cheibriados the Contemplative
  9443 | D:5      | Reached skill level 1 in Invocations
  9983 | D:10     | Noticed a two-headed ogre
  9991 | D:10     | Killed a two-headed ogre
  9991 | D:10     | Reached skill level 2 in Invocations
 10154 | D:10     | Reached skill level 3 in Invocations
 10298 | D:10     | Reached * piety under Cheibriados
 10489 | D:10     | Noticed Gastronok
 10502 | D:10     | Killed Gastronok
 10502 | D:10     | Reached skill level 4 in Invocations
 10617 | D:11     | Noticed a cyclops
 10630 | D:11     | Killed a cyclops
 10630 | D:11     | Reached skill level 5 in Invocations
 10681 | D:11     | Found a staircase to the Orcish Mines.
 10766 | D:11     | Reached ** piety under Cheibriados
 10907 | D:11     | Noticed a purple ugly thing
 10919 | D:11     | Killed a purple ugly thing
 10919 | D:11     | Reached skill level 6 in Invocations
 11022 | D:11     | Found a portal to a secret trove of treasure.
 11040 | D:11     | Noticed a boulder beetle
 11047 | D:11     | Killed a boulder beetle
 11047 | D:11     | Reached XP level 12. HP: 106/106 MP: 15/17
 11258 | D:11     | Reached skill level 7 in Invocations
 11523 | D:12     | Found Fuameu's Mayhem Merchandise.
 11545 | D:11     | Reached skill level 10 in Armour
 11545 | D:11     | Reached skill level 10 in Shields
 11812 | D:12     | Reached skill level 8 in Invocations
 12083 | D:12     | Reached *** piety under Cheibriados
 12167 | D:12     | Noticed a five-headed hydra
 12171 | D:12     | Found Ytzass's Jewellery Shoppe.
 12230 | D:12     | Bought a +4 ring of protection for 396 gold pieces
 12264 | D:12     | Reached skill level 9 in Invocations
 12405 | D:12     | Found a large runed translucent door.
 12406 | D:12     | Found a large runed translucent door.
 12424 | D:12     | Upgraded the game from 0.26-a0-710-g95a0c6c400 to
                  | 0.26-a0-720-g2a1d101370
 12711 | Lair:1   | Entered Level 1 of the Lair of Beasts
 12804 | Orc:1    | Entered Level 1 of the Orcish Mines
 12849 | Orc:2    | Entered Level 2 of the Orcish Mines
 12944 | Orc:2    | Found a roughly hewn altar of Beogh.
 12986 | Orc:2    | Paralysed by an orc sorcerer for 3 turns
 12996 | Orc:2    | Reached **** piety under Cheibriados
 12996 | Orc:2    | Reached skill level 10 in Invocations
 13197 | Orc:2    | Reached XP level 13. HP: 112/112 MP: 20/20
 13513 | Orc:1    | Reached skill level 10 in Fighting
 13932 | Orc:2    | Found a staircase to the Elven Halls.
 14037 | Orc:2    | Found a burning altar of Makhleb.
 14355 | Orc:2    | Noticed an orc warlord
 14730 | Orc:2    | Reached skill level 11 in Invocations
 14943 | Orc:2    | Reached ***** piety under Cheibriados
 15018 | Orc:2    | Found Etuthamirgh's Antique Armour Boutique.
 15030 | Orc:2    | Killed an orc warlord
 15030 | Orc:2    | Reached skill level 5 in Dodging
 15034 | Orc:2    | Found Fighelil's General Store.
 15034 | Orc:2    | Found Yjusisti's Jewellery Boutique.
 15036 | Orc:2    | Found Hauczaurph's Antique Weapon Shop.
 15267 | Elf:1    | Entered Level 1 of the Elven Halls
 15271 | Elf:1    | HP: 3/115 [deep elf mage/bolt of cold (40)]
 15671 | Elf:1    | You fall into a shaft and drop 1 floor!
 15708 | Elf:1    | Found Saoporph's Book Emporium.
 16086 | Orc:2    | Bought the ring of Giafroh {+Blink Int+6 SInv} for 1150
                  | gold pieces
 16331 | Lair:1   | Noticed Joseph
 16343 | Lair:1   | Killed Joseph
 16372 | Lair:1   | Reached skill level 12 in Invocations
 16395 | Lair:1   | Reached XP level 14. HP: 100/124 MP: 23/23
 17214 | Lair:2   | Found a gate leading to a gauntlet.
 17219 | Gauntlet | Entered a Gauntlet
 17219 | Gauntlet | Found a transporter.
 17229 | Gauntlet | Found a transporter.
 17245 | Gauntlet | Found a transporter.
 17249 | Gauntlet | Found a transporter.
 17258 | Gauntlet | Noticed a reaper
 17262 | Gauntlet | Found a transporter.
 17283 | Gauntlet | Found a transporter.
 17287 | Gauntlet | Found a transporter.
 17291 | Gauntlet | Found a transporter.
 17321 | Gauntlet | Found a transporter.
 17335 | Gauntlet | Found a transporter.
 17339 | Gauntlet | Found a transporter.
 17352 | Gauntlet | Found a transporter.
 17421 | Gauntlet | Got a spiked helmet
 17432 | Gauntlet | Identified the cursed +0 helmet of Imperfection {Harm} (You
                  | found it in a Gauntlet)
 17760 | Gauntlet | Reached skill level 1 in Evocations
 19031 | Lair:3   | Found a hole to the Spider Nest.
 19052 | Lair:3   | Reached skill level 13 in Invocations
 19856 | Lair:3   | Found a staircase to the Shoals.
 19908 | Lair:3   | Found a snail-covered altar of Cheibriados.
 20678 | Lair:4   | Reached XP level 15. HP: 132/134 MP: 25/25
 22451 | Lair:6   | Entered Level 6 of the Lair of Beasts
 22483 | Lair:6   | Reached ****** piety under Cheibriados
 22483 | Lair:6   | Reached skill level 14 in Invocations
 22556 | Lair:6   | Reached skill level 15 in Axes
 22741 | Lair:6   | Reached skill level 5 in Evocations
 22758 | Lair:6   | Found a large runed translucent door.
 22758 | Lair:6   | Found a large runed translucent door.
 23338 | Lair:6   | Noticed Kirke
 23357 | Lair:6   | Killed Kirke
 23998 | Lair:6   | Found a staircase to the Slime Pits.
 24933 | D:12     | Found a sparkling altar of Nemelex Xobeh.
 24945 | D:12     | Found an ancient bone altar of Kikubaaqudgha.
 25113 | D:13     | Noticed Erolcha
 25122 | D:13     | Killed Erolcha
 25175 | D:13     | Found Buemn's Weapon Boutique.
 25659 | D:14     | Found a white marble altar of Elyvilon.
 25663 | D:14     | Reached XP level 16. HP: 144/144 MP: 26/26
 25683 | D:14     | Reached skill level 10 in Evocations
 25842 | D:14     | Noticed Louise
 25856 | D:14     | Cast into level 2 of the Abyss (Louise)
 25872 | Abyss:2  | Noticed a bone dragon
 25873 | Abyss:2  | Paralysed by a great orb of eyes for 3 turns
 25900 | Abyss:2  | Killed a bone dragon
 26114 | Abyss:2  | Noticed a tentacled monstrosity
 26123 | Abyss:2  | Killed a tentacled monstrosity
 26209 | Abyss:2  | Noticed a tentacled starspawn
 26217 | Abyss:2  | Killed a tentacled starspawn
 26364 | Abyss:2  | Paralysed by accursed screaming for 1 turns
 26412 | D:14     | Escaped the Abyss
 26429 | D:14     | Cast into level 2 of the Abyss (Louise)
 26449 | Abyss:2  | Noticed a tentacled starspawn
 26680 | Abyss:2  | Paralysed by you for 6 turns
 27047 | Abyss:2  | Noticed a tentacled starspawn
 27057 | Abyss:2  | Killed a tentacled starspawn
 27059 | Abyss:2  | Noticed a bone dragon
 27079 | Abyss:2  | Killed a bone dragon
 27081 | D:14     | Escaped the Abyss
 27090 | D:14     | Killed Louise
 27796 | D:14     | Found a gate to the Vaults.
 27888 | D:15     | Entered Level 15 of the Dungeon
 27986 | D:15     | Cast into level 2 of the Abyss (a wizard)
 27993 | D:15     | Escaped the Abyss
 28351 | D:15     | Found a blossoming altar of Fedhas.
 28718 | D:15     | Found a staircase to the Depths.
 29167 | Spider:1 | Entered Level 1 of the Spider Nest
 29283 | Spider:1 | Reached XP level 17. HP: 151/151 MP: 27/27
 29682 | Spider:2 | Found a transporter.
 29685 | Spider:2 | Noticed gouglew's ghost (adept KoBe)
 29799 | Spider:2 | Found a transporter.
 30168 | Spider:2 | Found a roughly hewn altar of Beogh.
 30187 | Spider:2 | Identified the +6 scale mail of Hangman {+Fly rC- Str+7
                  | Int+3} (You found it on level 2 of the Spider Nest)
 30564 | Spider:3 | Noticed Donald
 30586 | Spider:3 | Killed Donald
 30627 | Spider:3 | Reached skill level 15 in Invocations
 30635 | Spider:3 | Noticed Azrael
 30650 | Spider:3 | Killed Azrael
 30853 | Spider:3 | Noticed Jorgrun
 30864 | Spider:3 | Killed Jorgrun
 31508 | Spider:4 | Entered Level 4 of the Spider Nest
 33123 | Spider:4 | Reached XP level 18. HP: 156/161 MP: 0/29
 34188 | Spider:4 | Got a gossamer rune of Zot
 34354 | Shoals:1 | Entered Level 1 of the Shoals
 35188 | Shoals:1 | Reached skill level 15 in Fighting
 35359 | Shoals:2 | Reached skill level 16 in Invocations
 35636 | Shoals:2 | Learned a level 3 spell: Conjure Flame
 36248 | Shoals:3 | Found Mointug's Book Shoppe.
 36253 | Shoals:3 | Found Depnut's Book Emporium.
 36414 | Shoals:3 | Gained mutation: You have large cloven feet. [potion of
                  | mutation]
 36414 | Shoals:3 | Gained mutation: You occasionally shout uncontrollably at
                  | your foes. [potion of mutation]
 36414 | Shoals:3 | Lost mutation: You occasionally shout uncontrollably at
                  | your foes. [potion of mutation]
 36414 | Shoals:3 | Gained mutation: You possess an exceptional clarity of
                  | mind. [potion of mutation]
 36475 | Shoals:3 | Found Utarar's General Store.
 36892 | Shoals:3 | Found Hasiehus's Jewellery Shoppe.
 36902 | Shoals:3 | Bought the ring of Robustness {AC+8} for 1280 gold pieces
 36902 | Shoals:3 | Found the ring of Robustness {AC+8}
 37157 | Shoals:4 | Entered Level 4 of the Shoals
 38320 | Shoals:4 | Reached XP level 19. HP: 172/172 MP: 31/31
 38413 | Shoals:4 | Noticed Ilsuiw
 38431 | Shoals:4 | Killed Ilsuiw
 38574 | Shoals:4 | Identified the +5 spear of Urgency {pain, MP+9 Stlth+}
 38797 | Shoals:4 | Got a barnacled rune of Zot
 38883 | Shoals:4 | Found Ekoyheag's Mass Market.
 38998 | Shoals:4 | Found Asu Omik's General Store.
 39060 | Shoals:4 | Reached skill level 17 in Invocations
 40277 | Vaults:1 | Entered Level 1 of the Vaults
 40585 | Vaults:1 | Reached skill level 5 in Conjurations
 41096 | Vaults:1 | Identified the +7 war axe of Governance {venom, rElec rPois
                  | MP+9 Str-2} (You found it on level 1 of the Vaults)
 41731 | Vaults:1 | Found Bosyc's Antique Armour Shoppe.
 41739 | Vaults:1 | Bought a polished hat for 270 gold pieces
 41749 | Vaults:1 | Identified the +1 hat of Theory {rF+} (You bought it in a
                  | shop on level 1 of the Vaults)
 42181 | Vaults:2 | Identified the Handbook of Gliding Changing
 42212 | Vaults:2 | Reached XP level 20. HP: 171/180 MP: 32/32
 42332 | Vaults:2 | Reached skill level 18 in Invocations
 44097 | Vaults:3 | Found a staircase to the Crypt.
 44314 | Vaults:3 | Noticed Saint Roka
 44336 | Vaults:3 | Killed Saint Roka
 44669 | Vaults:3 | Reached skill level 10 in Dodging
 45329 | Vaults:4 | Reached skill level 19 in Invocations
 45441 | Vaults:4 | Reached skill level 10 in Fire Magic
 45487 | Vaults:4 | Found Vurabija's Antique Armour Shop.
 45495 | Vaults:4 | Bought a pitted chain mail for 370 gold pieces
 45495 | Vaults:4 | Identified the +7 chain mail "Dangochyg" {Int+3} (You
                  | bought it in a shop on level 4 of the Vaults)
 45839 | Vaults:4 | Reached XP level 21. HP: 163/188 MP: 34/34
 45958 | Vaults:4 | Found a runed translucent door.
 45958 | Vaults:4 | Found a shimmering altar of Xom.
 45958 | Vaults:4 | Noticed Lofupn's ghost (adept SpEn)
 45978 | Vaults:4 | Killed Lofupn's ghost
 45980 | Vaults:4 | Identified the Almanac of Confrontation and Transformation
 45984 | Vaults:4 | Identified the +7 flail "Zerimn" {drain, MP+9} (You found
                  | it on level 4 of the Vaults)
 47261 | Depths:1 | Entered Level 1 of the Depths
 47343 | Depths:1 | Found a flickering gateway to a bazaar.
 47372 | Bazaar   | Entered a bazaar
 47380 | Bazaar   | Found Guit Nyu's Jewellery Shop.
 47393 | Bazaar   | Found Bukuloirch's Book Shop.
 47428 | Bazaar   | Bought the amulet "Beur" {*Contam +Inv rPois Regen+ Int+4}
                  | for 612 gold pieces
 47454 | Depths:1 | Reached skill level 15 in Armour
 47624 | Depths:1 | Found a gateway to Hell.
 48285 | Depths:2 | Reached skill level 20 in Invocations
 48539 | Depths:2 | Noticed Bai Suzhen
 48568 | Depths:2 | Killed Bai Suzhen
 48659 | Depths:2 | Found a one-way gate leading to the halls of Pandemonium.
 48936 | Depths:2 | Reached XP level 22. HP: 200/200 MP: 36/36
 48939 | Depths:2 | Identified the ring "Puwnuac" {EV+4 Str+2}
 48941 | Depths:2 | Identified the +7 morningstar "Beastbane" {flame, rC+ MR-
                  | Str+7}
 49047 | Depths:2 | Noticed the Enchantress
 49048 | Depths:2 | Found a radiant altar of Vehumet.
 49096 | Depths:2 | Killed the Enchantress
 49341 | Depths:2 | Found the +11 plutonium sword {*Contam Stlth-}
 49792 | Depths:3 | Noticed Mennas
 49845 | Depths:3 | Killed Mennas
 50609 | Depths:3 | Identified the Catalogue of Ensnaring Poison
 50627 | Depths:3 | Identified the +9 mace of Classification {vorpal, Dex+4
                  | Stlth+}
 50682 | Depths:3 | Reached skill level 21 in Invocations
 50790 | Depths:3 | Noticed a caustic shrike
 50805 | Depths:3 | Killed a caustic shrike
 51344 | Depths:3 | Paralysed by a sphinx for 3 turns
 51479 | Depths:4 | Noticed a caustic shrike
 51492 | Depths:4 | Killed a caustic shrike
 51660 | Depths:4 | Reached XP level 23. HP: 211/211 MP: 37/37
 51742 | Depths:4 | Found a gateway to a ziggurat.
 51939 | Depths:4 | Found a shimmering altar of Xom.
 51942 | Depths:4 | Found a one-way gate to the infinite horrors of the Abyss.
 52075 | Depths:4 | Noticed an ancient lich
 52075 | Depths:4 | Noticed a juggernaut
 52075 | Depths:4 | Noticed Boris
 52075 | Depths:4 | Cast into level 2 of the Abyss (a wizard)
 52475 | Depths:4 | Escaped the Abyss
 52753 | Depths:4 | Found Xoskiod's Armour Shop.
 53208 | Depths:4 | Identified a scroll of acquirement
 53248 | Depths:4 | Killed from afar by an ancient lich

Illustrated notes

Levels and vault maps discovered:
D:1:      lightli_arrival_boilingwater, layout_loops_corners
D:2:      layout_loops_corners, nicolae_tso_swordbearing_angel
D:3:      layout_basic, overflow_temple_1_default, grunt_ministairs_11,
          kennysheep_jessica_study
D:4:      layout_loops_ring, nicolae_qazlal_eye_of_the_storm,
          grunt_temple_overflow_open, uniq_eustachio
D:5:      gammafunk_cloud_chamber, layout_basic, temple_hall_moat, serial_bayou,
          serial_bayou_pond_a, serial_bayou_lagoon_a, serial_bayou_pond_e,
          serial_bayou_shore_b, trog_wizard
D:6:      layout_cave_pods, uniq_blork_the_orc
D:7:      layout_loops_ring, serial_undead, serial_undead_e, serial_undead_e,
          serial_undead_c, serial_undead_b, lemuel_old_faithful
D:8:      layout_loops_ring, lair_entry_dummy
D:9:      layout_gridville, kennysheep_little_box, kennysheep_mini
D:10:     layout_roguey, gammafunk_ghost_hive, uniq_gastronok, uniq_harold
D:11:     layout_irregular_city, erik_orc_4, nicolae_trove_entry_crystal
D:12:     layout_long_grid, serial_shops, shop_fountains, minmay_shop_mayhem,
          grunt_ministairs_12, dk_vineyard_3, jmf_multi_god_temple2
D:13:     layout_roguey, serial_shops, shop, roderic_roman_lattice, uniq_erolcha
D:14:     layout_loops_ring, david_vaults_1, serial_park_tiny_1,
          elyvilon_altar_3, uniq_louise
D:15:     hangedman_depths_entry_try_elsewhere_first, layout_loops_ring,
          lemuel_tele_altar
Temple:   regret_index_temple_sphere_string
Lair:1:   layout_long_grid, small_statue_intersection, grunt_megastairs_5,
          uniq_joseph
Lair:2:   layout_layer_cave, gauntlet_entry_generic, lemuel_fruit_fields
Lair:3:   layout_layer_cave, minmay_shoals_entry_lonely_mermaid,
          spider_nest_entry_a, st_stairs_10, kennysheep_snail_temple
Lair:4:   layout_hall_layers, infiniplex_staircase_pool_2, lemuel_fruit_tree,
          grunt_megastairs_4
Lair:5:   layout_cave_pods
Lair:6:   cheibrodos_lair_end_hotspot, layout_long_grid, slime_dummy,
          serial_bayou_shore_a, uniq_kirke
Shoals:1: layout_shoals
Shoals:2: layout_shoals
Shoals:3: cheibrodos_shoals_oceanic_diplomacy, layout_shoals, serial_shops,
          shop, shop, shop, shop
Shoals:4: shoals_end_grunt_ice, layout_shoals, shoals_ilsuiw_ice, serial_shops,
          nicolae_shop_behind_doors, nicolae_shoals_stone_sculpture_thing,
          minmay_shop_mass
Spider:1: layout_spider_delve
Spider:2: nicolae_spider_mines_2, gammafunk_ghost_arena
Spider:3: layout_spider_delve, hangedman_spider_tarantella_strand, uniq_azrael,
          uniq_donald, uniq_jorgrun
Spider:4: spider_rune_water, spiders_nest_ghost_moth_duel
Orc:1:    layout_diamond_mine
Orc:2:    st_orc_congregation, layout_caves, basic_altar,
          david_defended_altar_orc
Elf:1:    elf_arrival_002, layout_loops_cross, serial_shops, nicolae_shop_stone,
          hangedman_elven_crosses_minicolossus, corner_web_ring
Elf:2:    layout_onion_city, einodemon_barbed_minivault, lemuel_elevator,
          uniq_aizul
Vaults:1: v_misc_15, hangedman_vaults_river_flow, vaults_room_stairs_pillars,
          vaults_room_grid, ontoclasm_vaults_loading_screen,
          hangedman_vaults_restitches, nicolae_vaults_ring_of_whatevers,
          nicolae_vaults_little_squares_6, vaults_room_door_hall,
          hangedman_vaults_locks, ontoclasm_vaults_twist,
          layout_vaults_maze_snakey, serial_shops, shop
Vaults:2: vaults_room_boxed, st_lattice, ontoclasm_vaults_bender,
          nicolae_vaults_asterisk, nicolae_vaults_hallways_thing,
          nicolae_vaults_little_squares_2, vaults_room_hallway, v_rooms_2,
          nicolae_vaults_network_quincunx
          [nicolae_vaults_network_quincunx_subvault,
          nicolae_vaults_network_quincunx_subvault,
          nicolae_vaults_network_quincunx_subvault,
          nicolae_vaults_network_quincunx_subvault,
          nicolae_vaults_network_quincunx_subvault], vaults_room_semicircle,
          ontoclasm_vaults_ring_large, hangedman_vaults_nails,
          ontoclasm_vaults_chip, nicolae_vaults_diagonal_hallway_6,
          layout_vaults_omnibox
Vaults:3: minmay_crypt_entry_simple_sparse, nicolae_vaults_rhombus_5,
          vaults_room_grid, hangedman_vaults_stretched_pinwheel,
          vaults_mumra_hexcomb, v_alt_pattern_6,
          nicolae_vaults_mini_display_case, nicolae_vaults_shelves_hall,
          vaults_mumra_chevron_long, nicolae_vaults_shelves_hall,
          layout_vaults_big_room, uniq_saint_roka
Vaults:4: ebering_vaults_ghost_xom, v_misc_27, v_misc_10, v_misc_2, v_misc_10,
          vaults_mumra_chevron, v_misc_10, vaults_dpeg_hooks,
          nicolae_vaults_asterisk, hangedman_vaults_capsules,
          layout_vaults_omnigrid, serial_shops, shop_fountains
Depths:1: layout_cave_pools, serial_shops, bzr_entry_water, hell_entry,
          abandoned_shop, hangedman_decor_push, minmay_misc_feat_more_columns,
          kennysheep_small_square
Depths:2: grunt_forest_end_shrine, layout_basic, pan_entry,
          hangedman_coc_ice_floe, serial_sigils_hangedman_clutch,
          minmay_staircase_bubble, uniq_bai_suzhen
Depths:3: minmay_the_grid_octo_triangle [minmay_the_grid_octo_77,
          minmay_the_grid_octo_prize_ultimate_mussel_roller,
          minmay_the_grid_octo_fat_diamond], layout_cave_pools,
          rand_demon_pan_entry_8, hell_entry, kennysheep_nondescript,
          infiniplex_staircase_zigzag_4, uniq_mennas
Depths:4: minmay_octo_star, layout_basic, enter_ziggurat_c, abyss_entry,
          hell_entry, serial_shops, shop, nicolae_wwwww, xom_teletrap_fun,
          uniq_boris

Skill      XL: |  1  2  3  4  5  6  7  8  9 10 11 12 13 14 15 16 17 18 19 20 21 22 23 |
---------------+----------------------------------------------------------------------+-----
Axes           | 3 4 5 6 7 8 9 10 11 13 14 15 16 17 18 | 18.1
Fighting       | 4 5 7 8 9 11 12 13 14 15 16 17 18 19 | 19.1
Fire Magic     | 3 5 7 10 | 10.0
Armour         | 4 7 9 11 12 13 14 15 16 | 16.2
Shields        | 4 7 9 11 12 13 14 | 14.2
Dodging        | 1 3 5 7 8 10 11 12 | 12.0
Conjurations   | 1 4 6 8 |  8.8
Invocations    | 6 10 12 13 14 15 16 17 19 20 21 | 21.9
Evocations     | 3 9 13 | 13.1

Action                   |  1- 3 |  4- 6 |  7- 9 | 10-12 | 13-15 | 16-18 | 19-21 | 22-24 || total
-------------------------+-------+-------+-------+-------+-------+-------+-------+-------++-------
Melee: War axe           |   105 |    89 |       |       |       |       |       |       ||   194
       Hand axe          |       |    61 |   212 |       |       |       |       |       ||   273
       Broad axe         |       |       |   144 |   511 |   968 |  1517 |  1658 |   611 ||  5409
       Flail             |       |       |       |       |    42 |       |       |       ||    42
Throw: Dart              |       |       |       |       |     4 |     4 |       |       ||     8
Invok: Bend Time         |       |       |       |     1 |       |       |       |       ||     1
       Slouch            |       |       |       |       |     4 |     1 |       |       ||     5
       Step From Time    |       |       |       |       |     1 |     1 |     1 |     1 ||     4
 Abil: Evoke Blink       |       |       |       |       |     1 |     3 |       |     2 ||     6
Evoke: Wand              |       |       |       |     2 |     5 |    20 |     2 |     1 ||    30
       Condenser vane    |       |       |       |       |       |     3 |     1 |     1 ||     5
  Use: Scroll            |       |     9 |    15 |     6 |    21 |    10 |     8 |     5 ||    74
       Potion            |       |     2 |     5 |     2 |     6 |     8 |       |     1 ||    24
 Stab: Paralysed         |       |       |       |     5 |       |       |       |       ||     5
       Invisible         |       |       |       |       |     2 |       |     1 |       ||     3
       Petrified         |       |       |       |       |       |     4 |       |       ||     4
       Sleeping          |       |       |       |       |       |     2 |     5 |       ||     7
       Petrifying        |       |       |       |       |       |     1 |       |       ||     1
       Distracted        |       |       |       |       |       |     1 |     2 |       ||     3
Armor: Scale mail        |    49 |    62 |   139 |    19 |       |       |       |       ||   269
       Chain mail        |       |       |       |   245 |   350 |   110 |   136 |   155 ||   996
       Acid dragon scale |       |       |       |       |       |   328 |   174 |       ||   502
Dodge: Dodged            |    40 |    33 |    85 |   222 |   495 |   923 |   574 |   254 ||  2626
Block: Kite shield       |    54 |    73 |   141 |   361 |   879 |  1804 |  1528 |   489 ||  5329
       Reflection        |       |       |       |       |       |    91 |   141 |    35 ||   267

Table legend: (Time is in decaauts)
 A = Elapsed time spent in this place.
 B = Non-inter-level travel time spent in this place.
 C = Inter-level travel time spent in this place.
 D = Time resting spent in this place.
 E = Time spent auto-exploring this place.
 F = Levels seen in this place.
 G = Mean time per level.
                   A        B        C        D        E       F      G
               +--------+--------+--------+--------+--------+-----+--------+
         Total |  73435 |  68295 |   5140 |  10145 |  45747 |  48 | 1529.9 |
       Dungeon |  19910 |  17680 |   2230 |   2215 |  12333 |  15 | 1327.3 |
        Temple |    130 |    117 |     13 |      0 |    106 |   1 |  130.0 |
          Lair |  12742 |  11646 |   1096 |   1076 |   9287 |   6 | 2123.7 |
        Shoals |   8117 |   7825 |    292 |   1308 |   4886 |   4 | 2029.2 |
   Spider Nest |   7251 |   6884 |    367 |   1333 |   4471 |   4 | 1812.8 |
  Orcish Mines |   3859 |   3503 |    356 |   1240 |   1452 |   2 | 1929.5 |
   Elven Halls |    512 |    512 |      0 |    231 |     23 |   2 |  256.0 |
        Vaults |  10170 |   9572 |    598 |    946 |   6879 |   4 | 2542.5 |
        Depths |   7900 |   7715 |    185 |   1308 |   5031 |   4 | 1975.0 |
         Abyss |   1939 |   1939 |      0 |    188 |   1188 |   4 |  484.8 |
        Bazaar |    141 |    141 |      0 |      0 |     86 |   1 |  141.0 |
      Gauntlet |    758 |    758 |      0 |    296 |      0 |   1 |  758.0 |
               +--------+--------+--------+--------+--------+-----+--------+

Top non-repeatable levels by time:
Spider:4: 3690 daAuts
Shoals:4: 2806 daAuts
  Lair:3: 2758 daAuts
Vaults:4: 2700 daAuts
  Lair:6: 2612 daAuts
Vaults:1: 2552 daAuts
   Orc:2: 2518 daAuts
Vaults:2: 2459 daAuts
Vaults:3: 2458 daAuts
Shoals:3: 2318 daAuts
Depths:3: 2308 daAuts
  Lair:2: 2273 daAuts
Depths:2: 2258 daAuts
    D:14: 1997 daAuts
 Abyss:2: 1939 daAuts
